 Dungeon Crawl Stone Soup version 0.20-a0-453-g91466d2 (webtiles) character file.

26 HagarQim the Charmwright (level 3, 0/28 HPs)
             Began as a Merfolk Skald on Jan 8, 2017.
             Was a Follower of Okawaru.
             Slain by a gnoll
             ... wielding a +0 halberd
              (5 damage)
             ... on level 2 of the Dungeon.
             The game lasted 00:03:11 (1414 turns).

HagarQim the Charmwright (Merfolk Skald)            Turns: 1414, Time: 00:03:11

Health: 0/28       AC:  5    Str: 11    XL:     3   Next: 8%
Magic:  2/6        EV: 12    Int: 12    God:    Okawaru [*.....]
Gold:   35         SH:  0    Dex: 14    Spells: 1/6 levels left

rFire  . . .     SeeInvis .     a - +0 spear
rCold  . . .     Gourm    .     b - +0 leather armour
rNeg   . . .     Faith    .     (no shield)
rPois  .         Spirit   .     e - +0 helmet
rElec  .         Reflect  .     (no cloak)
rCorr  .         Harm     .     (no gloves)
MR     .....                    k - +0 pair of boots
Stlth  +.........               (no amulet)
                                (no ring)
                                r - ring of wizardry

@: singing
A: change form in water, swift swim, stealthy swim
a: Heroism, Renounce Religion, Stop Singing


You were on level 2 of the Dungeon.
You worshipped Okawaru.
Okawaru was aware of your devotion.
You were not hungry.

You visited 1 branch of the dungeon, and saw 2 of its levels.

You collected 35 gold pieces.

Inventory:

Hand Weapons
 a - a +0 spear (weapon)
 g - a cursed -1 dagger
Armour
 b - a +0 leather armour (worn)
 e - a +0 helmet (worn)
 k - a +0 pair of boots (worn)
Jewellery
 r - a ring of wizardry (left hand)
Scrolls
 h - a scroll of enchant armour {unknown}
 m - 2 scrolls of remove curse {unknown}
 n - a scroll of teleportation {unknown}
 o - a scroll of recharging {unknown}
Potions
 f - a potion of might {unknown}
 j - 2 potions of brilliance {unknown}
 l - a potion of heal wounds {unknown}
 q - a potion of haste {unknown}
Books
 c - a book of Battle

   Spells                             Type                      Level
   a - Infusion                       Charms                       1
   b - Shroud of Golubria             Charms/Translocation         2
   c - Song of Slaying                Charms                       2
   d - Spectral Weapon                Hexes/Charms                 3
   e - Regeneration                   Charms/Necromancy            3
 s - a book of Minor Magic

   Spells                             Type                      Level
   a - Magic Dart                     Conjuration                  1
   b - Blink                          Translocation                2
   c - Call Imp                       Summoning                    2
   d - Repel Missiles                 Charms/Air                   2
   e - Slow                           Hexes                        2
   f - Conjure Flame                  Conjuration/Fire             3
   g - Mephitic Cloud                 Conjuration/Poison/Air       3
Comestibles
 d - a bread ration
 i - 2 chunks of flesh
 p - a royal jelly


   Skills:
 + Level 2.3 Fighting
 + Level 3.5 Polearms
 + Level 0.6 Armour
 + Level 2.8 Dodging
 * Level 2.3 Spellcasting
 + Level 3.8 Charms


You had one spell level left.
You knew the following spells:

 Your Spells              Type           Power        Failure   Level  Hunger
g - Shroud of Golubria    Chrm/Tloc      #.........   10%         2    ###....
i - Infusion              Chrm           ##..         4%          1    ##.....
s - Song of Slaying       Chrm           ##......     6%          2    ###....


Dungeon Overview and Level Annotations

Branches:
Dungeon (2/15)

Altars:
Okawaru


Message History

The gnoll is lightly wounded.
The gnoll hits you with a whip.
Your shroud falls apart!
You closely miss the gnoll.
The gnoll is lightly wounded.
The gnoll barely misses you. The gnoll hits you with a whip!
You hit the gnoll.
The gnoll is moderately wounded.
The gnoll hits you from afar with a halberd!
Ouch! That really hurt!
* * * LOW HITPOINT WARNING * * *
The gnoll hits you but does no damage.
You hit the gnoll.
The gnoll is moderately wounded.
The gnoll hits you but does no damage.
You barely miss the gnoll.
The gnoll is moderately wounded.
The gnoll closely misses you.
The gnoll hits you from afar with a halberd.
You die...

# ##### # #...# # #...#
# #...# # #...# ######
#...# #....# #...#
#....# #####
###...####....####......
..'...'..'†...'.@gg.....
##########....####g.....
.######.##....# .....
.##...#.##....# ....
.##...#P♣#....### ...
.#..P.#P.#......# ..
.#⌠_....P#......# .
.#.P..#..##.....#
.##...#.P.##....#


You could see 3 gnolls.

Vanquished Creatures
  A worm (D:2)
  2 dart slugs
  A leopard gecko (D:2)
  2 giant cockroaches
  2 goblins (D:1)
  2 jackals (D:2)
  4 bats (D:1)
  A frilled lizard (D:1)
  2 kobolds (D:1)
  2 rats (D:2)
19 creatures vanquished.

Notes
Turn   | Place    | Note
-------+----------+-------------------------------------------
     0 | D:1      | HagarQim the Merfolk Skald began the quest for the Orb.
     0 | D:1      | Reached XP level 1. HP: 16/16 MP: 3/3
   245 | D:1      | Reached XP level 2. HP: 19/22 MP: 5/5
   284 | D:1      | Learned a level 2 spell: Song of Slaying
   287 | D:1      | Learned a level 2 spell: Shroud of Golubria
   995 | D:2      | Reached XP level 3. HP: 25/28 MP: 6/6
  1354 | D:2      | Found a faded altar of an unknown god.
  1367 | D:2      | Became a worshipper of Warmaster Okawaru
  1367 | D:2      | Reached * piety under Okawaru
  1414 | D:2      | Slain by a gnoll

Vault maps used:
D:1:      tarquinn_simple_flora_water_b
D:2:      okawaru_gym_becter, chequers_ecumenical_altar_lobes

Action                   || total
-------------------------++-------
Melee: Spear             ||    80
 Cast: Infusion          ||     1
       Shroud of Golubri ||     1
       Song of Slaying   ||     1
  Eat: Chunk             ||     2
Armor: Leather armour    ||    26
Dodge: Dodged            ||    38
